 Dungeon Crawl Stone Soup version 0.20.0-15-g7f486f2 (webtiles) character file.

1887 Ios the Covert (level 8, -3/36 HPs)
             Began as a Spriggan Enchanter on June 11, 2017.
             Was an Initiate of Dithmenos.
             Slain by a bullfrog (8 damage)
             ... on level 6 of the Dungeon.
             The game lasted 00:20:48 (9694 turns).

Ios the Covert (Spriggan Enchanter)                 Turns: 9694, Time: 00:20:49

Health: -3/36      AC:  3    Str:  5    XL:     8   Next: 92%
Magic:  24/24      EV: 18    Int: 18    God:    Dithmenos [......]
Gold:   333        SH:  0    Dex: 16    Spells: 3/15 levels left

rFire    . . .     SeeInvis +   a - +4 short sword (elec)
rCold    . . .     Gourm    .   (shield restricted)
rNeg     . . .     Faith    .   b - +1 robe
rPois    .         Spirit   .   f - +0 hat
rElec    .         Reflect  .   (no cloak)
rCorr    .         Harm     .   (gloves unavailable)
MR       +....                  (boots unavailable)
Stlth    ++........             (no amulet)
Regen    0.2/turn               p - ring of magical power
MPRegen  0.2/turn               (no ring)

@: confused, lethally poisoned (-3 -> -5), very quick
A: unfitting armour, see invisible, herbivore 3, speed 3, slow metabolism 2
a: Renounce Religion


You were on level 6 of the Dungeon.
You worshipped Dithmenos.
Dithmenos was noncommittal.
You were not hungry.

You visited 2 branches of the dungeon, and saw 7 of its levels.

You collected 333 gold pieces.

Inventory:

Hand Weapons
 a - a +4 short sword of electrocution (weapon)
 j - a +1 dagger
Armour
 b - a +1 robe (worn)
 f - a +0 hat (worn)
Jewellery
 l - an uncursed ring of fire
 p - a ring of magical power (left hand)
Wands
 c - a wand of polymorph (18/24)
Scrolls
 e - 4 scrolls of identify
 h - a scroll of teleportation
 i - 5 scrolls of remove curse
Potions
 g - a potion of brilliance
 m - 2 potions of magic
Comestibles
 d - 2 bread rations


   Skills:
 + Level 8.7 Short Blades
 - Level 3.0 Dodging
 + Level 12.0 Stealth
 - Level 4.3 Spellcasting
 - Level 5.0 Hexes


You had 3 spell levels left.
You knew the following spells:

 Your Spells              Type           Power        Failure   Level  Hunger
a - Ensorcelled Hibernat  Hex/Ice        ##....       8%          2    ##.....
b - Corona                Hex            ###....      1%          1    None
c - Confuse               Hex            ###.....     5%          3    ###....
d - Tukima's Dance        Hex            ###.....     5%          3    ###....
e - Dazzling Spray        Conj/Hex       ##....       16%         3    ###....


Dungeon Overview and Level Annotations

Branches:
Dungeon (6/15)             Temple (1/1) D:6

Altars:
Ashenzari
Cheibriados
Dithmenos
Elyvilon
Fedhas
Gozag
Hepliaklqana
Kikubaaqudgha
Makhleb
Nemelex Xobeh
Okawaru
Qazlal
Ru
Sif Muna
Trog
Uskayaw
Vehumet
Xom
Yredelemnul
Zin
The Shining One


Innate Abilities, Weirdness & Mutations

You are very small and have problems with some larger weapons.
You are too small for most types of armour.
You have supernaturally acute eyesight. (SInv)
You are a herbivore.
You cover ground extremely quickly.
You need consume almost no food.


Message History

An orc comes into view.
The centaur skeleton barely misses you.
The orc shouts!
You hit the bullfrog.
The bullfrog is moderately wounded.
The bullfrog hits you.
* * * LOW HITPOINT WARNING * * *
You bump into the rock wall.
You feel sick.
The centaur skeleton completely misses you.
The bullfrog misses you.
The centaur skeleton completely misses you.
The bullfrog hits you.
* * * LOW HITPOINT WARNING * * *
You're too confused to move!
The bullfrog barely misses you. The centaur skeleton barely misses you.
The bullfrog hits you.
* * * LOW HITPOINT WARNING * * *
You hit the centaur skeleton.
The centaur skeleton is moderately damaged.
The bullfrog hits you!
You die...

.....................
....................
#..........####....
#....#.#....# #.>..
#...#.#.#...# #....
#..#.#.#.#..###.... #####
#...#.>.#...#......
......##Z.#.#†#.#..#......
.....o..F@.#.#.#..........
.......†....#.#...........
.....#....†...............
.... #......#......#..(...
...................#.)....
.....#....##.......#......
.)...#..... ....##.#......
... #........... #.....#
.. #........... ###...#


You could see a bullfrog, an orc and a centaur skeleton.

Vanquished Creatures
  The ghost of Jannitor the Chopper, an amateur OpFi (D:6)
  2 orc warriors
  An ogre (D:5)
  A bullfrog (D:6)
  2 scorpions
  2 wights (D:6)
  2 howler monkeys
  4 crimson imps
  A centaur zombie (D:5)
  5 hounds
  A bullfrog zombie (D:5)
  A gnoll shaman (D:5)
  3 orc priests (D:5)
  9 orc wizards
  5 worker ants
  A howler monkey skeleton (D:4)
  9 gnolls (D:5)
  10 adders
  A shadow imp (D:5)
  3 oozes
  An adder skeleton (D:5)
  2 worms (D:4)
  A dart slug (D:3)
  2 leopard geckos
  20 orcs
  3 bats
  9 giant cockroaches
  8 goblins
  8 hobgoblins
  8 jackals
  A quokka (D:2)
  2 ball pythons
  7 frilled lizards
  4 kobolds
  A leopard gecko skeleton (D:5)
  6 rats
147 creatures vanquished.

Vanquished Creatures (collateral kills)
  A gnoll (D:1)
1 creature vanquished.

Grand Total: 148 creatures vanquished

Notes
Turn   | Place    | Note
-------+----------+-------------------------------------------
     0 | D:1      | Ios the Spriggan Enchanter began the quest for the Orb.
     0 | D:1      | Reached XP level 1. HP: 9/9 MP: 5/5
   540 | D:1      | Reached XP level 2. HP: 13/13 MP: 7/7
   544 | D:1      | Learned a level 2 spell: Ensorcelled Hibernation
  1263 | D:2      | Reached XP level 3. HP: 16/16 MP: 5/8
  1268 | D:2      | Learned a level 3 spell: Confuse
  1447 | D:2      | Learned a level 3 spell: Tukima's Dance
  2029 | D:2      | Reached XP level 4. HP: 21/21 MP: 10/10
  3212 | D:3      | Reached XP level 5. HP: 23/24 MP: 12/12
  3234 | D:3      | Reached skill level 5 in Hexes
  3330 | D:4      | Reached skill level 5 in Stealth
  4253 | D:4      | Reached skill level 6 in Stealth
  4253 | D:4      | Reached XP level 6. HP: 18/28 MP: 13/13
  4705 | D:4      | Learned a level 3 spell: Dazzling Spray
  5375 | D:4      | Reached skill level 5 in Short Blades
  5501 | D:5      | Entered Level 5 of the Dungeon
  5502 | D:5      | Reached skill level 7 in Stealth
  5846 | D:5      | Reached XP level 7. HP: 32/32 MP: 14/14
  6052 | D:5      | Reached skill level 8 in Stealth
  7013 | D:5      | Reached skill level 9 in Stealth
  7438 | D:5      | Reached XP level 8. HP: 23/36 MP: 15/15
  7863 | D:5      | Reached skill level 10 in Stealth
  8629 | D:6      | Noticed Jannitor's ghost (amateur OpFi)
  8906 | D:6      | Killed Jannitor's ghost
  8906 | D:6      | Reached skill level 11 in Stealth
  9361 | D:6      | Found a staircase to the Ecumenical Temple.
  9376 | Temple   | Entered the Ecumenical Temple
  9400 | Temple   | Became a worshipper of Dithmenos the Shadowed
  9680 | D:6      | Reached skill level 12 in Stealth
  9694 | D:6      | Slain by a bullfrog

Skill      XL: |  1  2  3  4  5  6  7  8 |
---------------+-------------------------+-----
Spellcasting   | 3 4 |  4.3
Hexes          | 4 5 |  5.0
Short Blades   | 2 3 4 5 6 8 |  8.7
Stealth        | 6 7 9 12 | 12.0
Dodging        | |  3.0

Action                   |  1- 3 |  4- 6 |  7- 9 || total
-------------------------+-------+-------+-------++-------
Melee: Dagger            |    18 |       |       ||    18
       Short sword       |    47 |   137 |   160 ||   344
 Cast: Corona            |     5 |       |       ||     5
       Ensorcelled Hiber |     6 |     9 |    27 ||    42
       Tukima's Dance    |     1 |       |     4 ||     5
       Confuse           |       |     1 |    22 ||    23
       Dazzling Spray    |       |       |     4 ||     4
  Use: Scroll            |       |    12 |     5 ||    17
       Potion            |       |     1 |     2 ||     3
 Stab: Sleeping          |     9 |    25 |    18 ||    52
       Distracted        |     1 |     1 |     2 ||     4
       Confused          |       |     1 |     7 ||     8
       Invisible         |       |       |     4 ||     4
  Eat: Royal jelly       |       |     2 |       ||     2
       Fruit             |       |       |     3 ||     3
       Bread ration      |       |       |     1 ||     1
Armor: Robe              |     3 |     6 |    11 ||    20
Dodge: Dodged            |    43 |    76 |   125 ||   244
